 Dungeon Crawl Stone Soup version 0.18.1-48-g4cf74bf (webtiles) character file.

50 Skwishie the Scratcher (level 3, -5/17 HPs)
             Began as a Felid Monk on Aug 30, 2016.
             Killed by nerve-wracking pain
             ... invoked by an orc priest
              (12 damage)
             ... on level 3 of the Dungeon.
             The game lasted 00:12:36 (2234 turns).

Skwishie the Scratcher (Felid Monk)                 Turns: 2234, Time: 00:12:36

Health: -5/17      AC:  1    Str:  7    XL:     3   Next: 55%
Magic:  4/4        EV: 20    Int: 11    God:
Gold:   103        SH:  0    Dex: 19    Spells: 0 memorised, 2 levels left
                                        Lives:  0   Deaths: 1

rFire  . . .     SeeInvis +       - Unarmed
rCold  + . .     Gourm    .     (armour unavailable)
rNeg   . . .     Faith    .     (shield unavailable)
rPois  .         Spirit   .     (helmet unavailable)
rElec  .         Dismiss  .     (cloak unavailable)
rCorr  .         Reflect  .     (gloves unavailable)
SustAt .         Harm     .     (boots unavailable)
MR     .....                    (no amulet)
Stlth  +++.......               (no ring)
                                c - ring of protection from cold

@: quick, not resistant to hostile enchantments, fairly stealthy
A: no armour, no weapons or thrown items, claws 1, fangs 3, see invisible,
carnivore 3, speed 1, shaggy fur 1, slow metabolism 1, sharp paws
a: no special abilities


You were on level 3 of the Dungeon.
You were full.

You visited 1 branch of the dungeon, and saw 3 of its levels.

You collected 103 gold pieces.

Inventory:

Jewellery
 c - a ring of protection from cold (left paw)
 j - an uncursed ring of fire {unknown}
Potions
 b - a potion of resistance
 d - a potion of might {unknown}
 e - a potion of haste {unknown}
 g - 2 potions of curing {unknown}
 h - 3 potions of heal wounds
 i - a potion of ambrosia {unknown}
 l - a potion of beneficial mutation {unknown}
 m - a potion of mutation {unknown}
Comestibles
 a - a meat ration


   Skills:
 - Level 3.0 Fighting
 - Level 4.0 Dodging
 - Level 3.0 Stealth
 * Level 5.9 Unarmed Combat


You had 2 spell levels left.
You didn't know any spells.

Dungeon Overview and Level Annotations

Branches:
Dungeon (3/15)

Altars:
Fedhas
Gozag
Pakellas
The Shining One


Innate Abilities, Weirdness & Mutations

You cannot wear armour.
You are incapable of wielding weapons or throwing items.
You have sharp claws.
You have razor-sharp teeth.
You have supernaturally acute eyesight.
You are carnivorous and can eat meat at any time.
You cover ground quickly.
You are covered in fur (AC +1).
You have a slow metabolism.
Your sharp claws are effective at attacking unaware monsters.


Message History

You continue eating. x2
The orc priest is too close now for your liking.
An orc wizard comes into view. It is wielding a dagger.
The orc wizard shouts!
The orc priest shouts!
You scratch the orc priest.
The orc priest is moderately wounded.
The orc priest calls down the wrath of Beogh upon you.
Pain shoots through your body!
Ouch! That really hurt!
You scratch the orc priest. Your bite misses the orc priest.
The orc priest is heavily wounded.
The orc priest invokes the aid of Beogh against you.
You barely resist.
You scratch the orc priest but do no damage.
The orc priest is heavily wounded.
The orc priest invokes the aid of Beogh against you.
Pain shoots through your body!
Ouch! That really hurt!
You die...

#..#.# ##.#.# #...
########.#.# ####...
#.......o#.# #......
#.######.#.### #......
#.#...<#o#.#<# #......
####.##.#.#...#'######......
#.......###..).......#......
#..........@o........#......
#...)..#####.........#......
#......# #.>.......#######
######......# #.........#
#.........### #.........#
#.........# #.........#
#.........# #[........#
#.....)...# #........%#
#.........# ##'#.######


You could see 2 orc priests and an orc wizard.

Vanquished Creatures
  Jessica (D:2)
  An ooze (D:1)
  4 dart slugs
  2 giant geckos
  5 orcs (D:3)
  2 ball pythons (D:2)
  3 giant cockroaches
  6 hobgoblins
  3 jackals (D:1)
  8 kobolds
  A quokka (D:2)
  7 bats
  6 giant newts
  4 goblins
  8 rats
61 creatures vanquished.

Notes
Turn   | Place    | Note
--------------------------------------------------------------
     0 | D:1      | Skwishie the Felid Monk began the quest for the Orb.
     0 | D:1      | Reached XP level 1. HP: 10/10 MP: 2/2
   127 | D:1      | Reached XP level 2. HP: 7/14 MP: 3/3
   763 | D:1      | Reached XP level 3. HP: 12/17 MP: 4/4
  1004 | D:1      | Reached skill level 5 in Unarmed Combat
  1198 | D:2      | Noticed Jessica
  1205 | D:2      | Killed Jessica
  1282 | D:2      | Reached XP level 4. HP: 19/21 MP: 5/5
  1476 | D:2      | Found an oddly glowing altar of Pakellas.
  1541 | D:2      | Found a glowing golden altar of the Shining One.
  1581 | D:2      | Found a blossoming altar of Fedhas.
  1699 | D:2      | Found an opulent altar of Gozag.
  2216 | D:3      | Killed from afar by an orc wizard
  2217 | D:3      | Reached XP level 3. HP: 0/17 MP: 4/4
  2234 | D:3      | Killed from afar by an orc priest

Skill      XL: |  1  2  3 |
---------------+----------+-----
Stealth        | 3 |  3.0
Unarmed Combat | 5 |  5.9
Fighting       | |  3.0
Dodging        | |  4.0

Action                   |  1- 3 |  4- 6 || total
-------------------------+-------+-------++-------
Melee: Unarmed           |    73 |    55 ||   128
       Bite              |     6 |     5 ||    11
       Punch             |       |     2 ||     2
  Use: Scroll            |     1 |     3 ||     4
 Stab: Sleeping          |     9 |    10 ||    19
  Eat: Chunk             |    10 |     2 ||    12
Armor: Skin              |     4 |     1 ||     5
Dodge: Dodged            |    51 |    32 ||    83
